 Dungeon Crawl Stone Soup version 0.28.0-49-g6dfe1f597d (webtiles) character file.

Game seed: 14794637708564338416

8 Zeld the Gusty (level 2, 0/16 HPs)
             Began as a Tengu Air Elementalist on May 17, 2022.
             Slain by a jackal (3 damage)
             ... on level 1 of the Dungeon.
             The game lasted 00:00:31 (272 turns).

Zeld the Gusty (Tengu Air Elementalist)              Turns: 272, Time: 00:00:31

Health: 0/16       AC:  2    Str:  8    XL:     2   Next: 8%
Magic:  1/6        EV: 12    Int: 15    God:
Gold:   11         SH:  0    Dex: 14    Spells: 4/5 levels left

rFire   . . .      SeeInvis .   (no weapon)
rCold   . . .      Faith    .   (no shield)
rNeg    . . .      Spirit   .   a - +0 robe
rPois   .          Reflect  .   (helmet restricted)
rElec   .          Harm     .   (no cloak)
rCorr   .          Rampage  .   (no gloves)
Will    .....                   (boots unavailable)
Stlth   ++........              (no amulet)
HPRegen 0.05/turn               (no ring)
MPRegen 0.10/turn               (no ring)

@: no status effects
A: beak, talons 3
a: no special abilities


You were on level 1 of the Dungeon.
You visited 1 branch of the dungeon, and saw 1 of its levels.

You collected 11 gold pieces.

Inventory:

Armour
 a - a +0 robe (worn)
Scrolls
 c - 2 scrolls of identify {unknown}
Potions
 b - a potion of heal wounds {unknown}


   Skills:
 * Level 0.6 Fighting
 - Level 2.1 Dodging
 + Level 2.1 Stealth
 * Level 2.1 Spellcasting
 + Level 1.5 Conjurations
 * Level 4.2 Air Magic


You had 4 spell levels left.
You knew the following spells:

 Your Spells              Type           Power      Damage    Failure   Level
a - Shock                 Conj/Air       40%        1d5       7%          1

Your spell library contained the following spells:

 Spells                   Type           Power      Damage    Failure   Level
 Static Discharge         Conj/Air       10%        N/A       10%         2
 Swiftness                Air            14%        N/A       12%         3
 Airstrike                Air            7%         N/A       36%         4


Dungeon Overview and Level Annotations

Branches:
Dungeon (1/15)

Altars:


Innate Abilities, Weirdness & Mutations

You have a beak for a mouth.
You have claws for feet.


Message History

Your peck misses the jackal.
The jackal is severely wounded.
The jackal misses you. The jackal closely misses you.
The jackal barely misses you. The jackal bites you.
Casting: Shock (safe; 7% risk of failure)
Confirm with . or Enter, or press ? or * to list all spells.
Aiming: Shock (safe; 7% risk of failure)
Press: ? - help, Shift-Dir - straight line, f - jackal
Aim: a jackal (heavily wounded, 60% to hit)
The zap hits the jackal.
The jackal is severely wounded.
The jackal bites you. The jackal closely misses you.
Unknown command.
You closely miss the jackal. You claw the jackal, but do no damage.
The jackal is severely wounded.
The jackal bites you.
You hit the jackal but do no damage.
The jackal is severely wounded.
The jackal barely misses you. The jackal misses you.
A jackal is nearby!
The jackal bites you but does no damage.
The jackal barely misses you. The jackal barely misses you.
Casting: Shock (safe; 7% risk of failure)
Confirm with . or Enter, or press ? or * to list all spells.
You don't have enough magic to cast this spell.
Unknown command.
The jackal bites you.
* * * LOW HITPOINT WARNING * * *
Casting: Shock (safe; 7% risk of failure)
Confirm with . or Enter, or press ? or * to list all spells.
Aiming: Shock (safe; 7% risk of failure)
Press: ? - help, Shift-Dir - straight line, f/p - jackal
Aim: a jackal (heavily wounded, 60% to hit)
The zap misses the jackal.
The jackal barely misses you. x2
Unknown command.
The jackal bites you but does no damage.
The jackal bites you.
You die...

###..#..### #........#.....
###..#...#..#####.#...##.#.....
###..#...#...#...................
...#..)#...#...#.##.#...#.##.....
#....#...#...#...##.##. #.##.....
##.#...#...#...#....##.##.#......
#...#...#...#.....###...........
#.#...#...#...#.#.#####.....†...
#...#...#...#..@h........##...#.
#.#...#...#...#.#.#####.####.###
#...#...#...#.....# #.# ###
#..#..#...#.......# #.#
#.##....#..#####..# #.# #.
#.....### #..# #.# #. #.#####
#..# ... # #.# #..# #.#


You could see a jackal.

Vanquished Creatures
  2 hobgoblins (D:1)
  2 jackals (D:1)
  A bat (D:1)
  2 frilled lizards (D:1)
  A rat (D:1)
8 creatures vanquished.

Notes
Turn   | Place    | Note
-------+----------+-------------------------------------------
     0 | D:1      | Zeld the Tengu Air Elementalist began the quest for the
                  | Orb.
     0 | D:1      | Reached XP level 1. HP: 10/10 MP: 4/4
   236 | D:1      | Reached XP level 2. HP: 16/16 MP: 1/6
   272 | D:1      | Slain by a jackal

Illustrated notes

Levels and vault maps discovered:
D:1:      nzn_arrival_water_spiral, layout_loops_ring, hex_medium

Action                   || total
-------------------------++-------
Melee: Unarmed           ||    12
       Kick              ||     3
       Peck              ||     2
 Cast: Shock             ||    13
Armor: Robe              ||     5
Dodge: Dodged            ||    16
